 Dungeon Crawl Stone Soup version 0.17.1-2-g5865329 (webtiles) character file.

301454 Miyamura the Peltast (level 21, -10/172 HPs)
             Began as a Formicid Fighter on Feb 14, 2016.
             Was the Champion of Cheibriados.
             Mangled by Mennas
             ... wielding a +5 scimitar of holy wrath
              (20 damage)
             ... on level 3 of the Vaults.
             The game lasted 02:13:04 (42279 turns).

Miyamura the Peltast (Formicid Fighter)            Turns: 42279, Time: 02:13:34

Health: -10/172    AC: 25    Str: 37    XL:     21   Next: 95%
Magic:  33/33      EV: 21    Int: 36    God:    Cheibriados [******]
Gold:   2810       SH: 24    Dex: 28    Spells: 4 memorised, 18 levels left

rFire  + . .     SeeInvis +     k - +7 war axe of Fesiv {flame, Dex+3}
rCold  . . .     Clarity  .     x - +6 fire dragon armour of Rucitroc {rF++ rC- Int+4}
rNeg   . . .     SustAt   .     A - +0 large shield
rPois  +         Gourm    .     (helmet unavailable)
rElec  .         Spirit   .     l - +0 cloak (curse)
rCorr  .         Warding  .     B - +0 pair of gloves
rMut   +         Stasis   +     c - +2 pair of boots {Fly}
MR     ++...                    d - amulet of resist mutation
Stlth  +.........               O - ring of poison resistance
                                z - ring of ice

@: marked, flying, glowing, silenced, heavily drained, very slow, very resistant
to hostile enchantments, very unstealthy
A: permanent stasis, dig shafts and tunnels, four strong arms, antennae 3, slimy
green scales 1
a: Dig, Shaft Self, Renounce Religion, Stop Flying
}: 2/15 runes: decaying, serpentine


You were on level 3 of the Vaults.
You worshipped Cheibriados.
Cheibriados was exalted by your worship.
You were very hungry.

You visited 7 branches of the dungeon, and saw 39 of its levels.
You also visited: Ossuary and Ice Cave.

You collected 3519 gold pieces.
You spent 709 gold pieces at shops.

Inventory:

Hand Weapons
 a - the +3 glaive of the Lost Mice {freeze, rElec rPois rF- Dex-5}
   (You found it in an ice cave)

   It has been specially enchanted to freeze those struck by it, causing extra
   injury to most foes and up to half again as much damage against particularly
   susceptible opponents.
   It can also slow down cold-blooded creatures.
   It affects your dexterity (-5).
   It makes you vulnerable to fire.
   It insulates you from electricity.
   It protects you from poison.
 k - the +7 war axe of Fesiv (weapon) {flame, Dex+3}
   (You found it on level 11 of the Dungeon)

   It has been specially enchanted to burn those struck by it, causing extra
   injury to most foes and up to half again as much damage against particularly
   susceptible opponents.
   Big, fiery blades are also staple armaments of hydra-hunters.
   It affects your dexterity (+3).
Missiles
 j - 2 throwing nets (quivered)
 y - 22 javelins
 M - 7 javelins of returning
Armour
 c - a +2 pair of boots of flying (worn)
 l - a cursed +0 cloak (worn)
 x - the +6 fire dragon armour of Rucitroc (worn) {rF++ rC- Int+4}
   (You found it on level 8 of the Lair of Beasts)

   It affects your intelligence (+4).
   It greatly protects you from fire.
   It makes you vulnerable to cold.
 A - a +0 large shield (worn)
 B - a +0 pair of gloves (worn)
Jewellery
 d - an amulet of resist mutation (around neck)
 z - a ring of ice (left hand)
 O - a ring of poison resistance (right hand)
Wands
 f - a wand of draining (6)
 u - a wand of digging (9)
 E - a wand of confusion (37)
 H - a wand of cold (7)
 K - a wand of lightning (6)
 P - a wand of fire (8)
 Q - a wand of heal wounds (4)
 R - a wand of draining (6)
 T - a wand of lightning (7)
 U - a wand of paralysis (7)
 X - a wand of polymorph (7)
Scrolls
 h - 6 scrolls of remove curse
 m - 6 scrolls of amnesia
 o - 4 scrolls of recharging
 p - 7 scrolls of identify
 q - 8 scrolls of magic mapping
 v - 3 scrolls of fear
 D - 5 scrolls of fog
 G - a scroll of enchant armour
 L - 5 scrolls of enchant weapon
 Z - a scroll of holy word
Potions
 b - 3 potions of cure mutation {!q}
 n - 2 potions of lignification
 t - 7 potions of ambrosia
 F - 3 potions of brilliance
 J - 7 potions of curing
 N - 3 potions of agility
 S - a potion of might
 Y - 3 potions of resistance
Miscellaneous
 W - a fan of gales (inert)
Comestibles
 e - 18 bread rations
 g - 43 fruits
 i - 15 beef jerkies
 s - 15 royal jellies
 C - 9 meat rations
 I - 11 slices of pizza


   Skills:
 + Level 16.5(14.1) Fighting
 - Level 12.6(13.6) Axes
 - Level 16.3(15.3) Polearms
 + Level 11.1(9.0) Armour
 - Level 12.0(9.8) Dodging
 + Level 17.6(15.1) Shields
 + Level 8.3(6.3) Spellcasting
 + Level 10.1(8.0) Earth Magic
 - Level 10.0(7.9) Invocations
 - Level 9.8(7.7) Evocations


You had 18 spell levels left.
You knew the following spells:

 Your Spells              Type           Power        Failure   Level  Hunger
a - Sandblast             Erth           ######       1%          1    None
h - Shatter               Erth           ######....   100%        9    #######
l - Lee's Rapid Deconstr  Erth           ######....   8%          5    ####...
p - Passwall              Trmt/Erth      #####.....   3%          3    None


Dungeon Overview and Level Annotations

Branches:
Dungeon (15/15)            Temple (1/1) D:7            Lair (8/8) D:9
  Swamp (4/4) Lair:5        Snake (4/4) Lair:5        Slime (0/6) Lair:6
    Orc (4/4) D:9             Elf (0/3) Orc:3        Vaults (3/5) D:14
  Crypt (0/3) Vaults:2     Depths (0/5) D:15

Altars:
Ashenzari
Cheibriados
Dithmenos
Elyvilon
Fedhas
Gozag
Kikubaaqudgha
Makhleb
Nemelex Xobeh
Okawaru
Qazlal
Ru
Sif Muna
Trog
Vehumet
Xom
Yredelemnul
Zin
The Shining One
Beogh

Shops:
Orc:4 %((:   Vaults:3 [

Annotations:
Vaults:3 Asterion, Mennas, Sojobo


Innate Abilities, Weirdness & Mutations

You are under a permanent stasis effect.
You can dig through walls and to a lower floor.
Your four strong arms can wield two-handed weapons with a shield.
You have a pair of large antennae on your head (SInv).
You are partially covered in slimy green scales (AC +2).


Message History

You feel drained. You block Asterion's attack. Asterion closely misses you.
Asterion gores you but does no damage.
Sojobo hits you with a triple sword of holy wrath.
* * * LOW HITPOINT WARNING * * *
You block Sojobo's attack. x2
You block Asterion's attack. x3
Asterion gores you.
* * * LOW HITPOINT WARNING * * *
Mennas hits you with a scimitar of holy wrath.
* * * LOW HITPOINT WARNING * * *
Mennas hits you with a scimitar of holy wrath!
* * * LOW HITPOINT WARNING * * *
You block Mennas's attack.
Mennas hits you with a scimitar of holy wrath!
* * * LOW HITPOINT WARNING * * *
You block Asterion's attack. Asterion gores you but does no damage.
Sojobo hits you but does no damage. You block Sojobo's attack.
You block Sojobo's attack.
Mennas hits you with a scimitar of holy wrath!!
You die...

##*.. { #.*Q
#Q{# ##{######
########().....#
#......#.......#
#....?.#.......#
{
#...Q..#.......#
#.<@H(*'.......#
#...AQ.#.......#
#../...#.......#
#......#.......#
#......#.......#
########.......#
#.......#
#.......#
#########


You could see Mennas, Sojobo, Asterion and a tengu reaver.

Vanquished Creatures
  Rupert (Orc:2)
  Gastronok (Lair:3)
  Kirke (D:15)
  The ghost of WereVolvo the Brawler, an adept TrCK of Okawaru (Snake:3)
  Roxanne (D:15)
  A tengu reaver (Vaults:1)
  A fire giant (Vaults:3)
  13 greater nagas
  2 frost giants
  Maud (D:11)
  9 ironheart preservers
  An orc warlord (Orc:4)
  4 stone giants (Vaults:2)
  A deep elf annihilator (Vaults:1)
  A salamander stormcaller (Vaults:2)
  Azrael (D:10)
  An ettin (Vaults:3)
  A deep elf death mage (Vaults:1)
  8 vault guards (D:14)
  Josephine (D:12)
  2 great orbs of eyes
  3 ghost crabs
  20 hydras
  3 yaktaur captains
  13 naga warriors
  5 centaur warriors
  Erica (D:9)
  A catoblepas (Lair:6)
  10 death yaks
  16 anacondas
  A vampire mage (Vaults:2)
  8 ogre magi
  10 alligators
  A tengu warrior (D:14)
  12 shock serpents
  A deep troll shaman (Vaults:1)
  Urug (D:13)
  8 naga sharpshooters
  4 deep elf knights
  2 salamander mystics
  5 orc high priests (Orc:4)
  12 skeletal warriors
  12 sea snakes
  The ghost of comborobin the Skirmisher, a novice CeCj of Cheibriados (D:8)
  3 spriggan druids
  A hell knight (Vaults:2)
  An unseen horror (shapeshifter) (Vaults:1)
  A fire crab (Lair:8)
  10 deep trolls (Vaults:1)
  4 unseen horrors
  9 swamp dragons
  A deep elf summoner (Vaults:1)
  A giant orange brain (Vaults:3)
  2 shambling mangroves
  8 ironbrand convokers
  A harpy (shapeshifter) (Vaults:1)
  10 hill giants
  10 orc knights
  7 naga ritualists
  3 wolf spiders (Vaults:2)
  An oklob plant (Lair:3)
  2 manticores
  A flayed ghost (Vaults:1)
  7 mana vipers
  3 necromancers
  26 ugly things
  A hornet (shapeshifter) (Vaults:1)
  A wolf spider zombie (D:13)
  2 wizards
  4 orc sorcerers
  8 cyclopes
  9 salamanders
  7 griffons
  A hornet (Vaults:2)
  A shining eye (shapeshifter) (Vaults:1)
  5 elephants (Lair:4)
  A fire giant skeleton (Vaults:1)
  An octopode (shapeshifter) (D:14)
  5 vault sentinels
  Maurice (D:13)
  5 guardian serpents
  42 black mambas
  4 gargoyles
  An ice statue (IceCv)
  Psyche (D:12)
  28 spiny frogs
  22 naga magi
  A kobold demonologist (D:13)
  A torpor snail (D:12)
  A yaktaur zombie (Vaults:1)
  2 swamp worm zombies (Swamp:1)
  8 komodo dragons
  7 yaktaurs
  2 freezing wraiths (Vaults:2)
  5 fire drakes
  A queen bee (shapeshifter) (D:15)
  A human skeleton (Vaults:1)
  9 giant leeches
  2 deep elf priests
  36 blink frogs
  A queen bee (D:15)
  A hydra zombie (Swamp:1)
  15 polar bears
  Prince Ribbit (D:8)
  7 trolls
  20 two-headed ogres
  6 bog bodies
  A centaur simulacrum (D:14)
  A boulder beetle (Vaults:2)
  3 shadows
  41 slime creatures
  A fire giant simulacrum (Vaults:2)
  A boulder beetle (shapeshifter) (D:14)
  2 trapdoor spiders (D:15)
  9 spriggans
  5 wraiths
  2 wyverns
  6 vampires
  Eustachio (D:6)
  43 yaks
  16 vampire mosquitoes
  3 basilisks
  A steam dragon (D:11)
  2 hungry ghosts
  A human (D:7)
  3 hogs (D:15)
  3 hippogriffs
  A soldier ant (D:15)
  2 deep elf magi
  48 nagas
  16 wolves
  6 deep elf fighters
  18 insubstantial wisps
  14 water moccasins
  9 fire elementals (D:10)
  2 wargs
  24 swamp worms
  14 swamp drakes
  3 black bears
  56 orc warriors
  12 wasps
  2 sky beasts
  2 hornet simulacra (Vaults:1)
  13 porcupines
  A phantom (D:4)
  A necrophage (D:13)
  44 ogres
  21 centaurs
  2 eyes of draining (shapeshifter)
  An eye of draining (D:14)
  17 crocodiles
  14 ice beasts
  5 boggarts (Vaults:2)
  4 big kobolds
  3 elf zombies (Ossuary)
  2 wyvern zombies
  A water moccasin zombie (Swamp:1)
  29 giant frogs
  28 killer bees
  A scorpion (D:9)
  3 wights (D:15)
  13 electric eels
  7 centaur zombies
  A yaktaur simulacrum (Vaults:1)
  2 hounds
  3 giant frog zombies
  11 crimson imps
  5 human simulacra
  12 iguanas
  48 orc priests
  5 centaur skeletons
  3 human zombies
  A giant frog skeleton (D:11)
  3 jellies
  13 hell rats (Lair:5)
  36 orc wizards
  14 worker ants
  2 elf simulacra (Vaults:1)
  31 sheep
  A killer bee zombie (D:3)
  2 big kobold zombies (Ossuary)
  A hound zombie (D:9)
  2 mummies (Ossuary)
  3 hound skeletons
  Robin (D:3)
  A worker ant zombie (D:11)
  4 gnolls (D:6)
  57 river rats
  13 adders
  3 shadow imps
  12 white imps (Lair:1)
  An ooze (D:5)
  An adder skeleton (D:4)
  A worm (D:3)
  7 giant geckos
  245 orcs
  4 giant cockroaches
  15 hobgoblins
  25 kobolds
  9 bats
  A giant gecko zombie (D:6)
  8 giant newts
  14 goblins
  A goblin zombie (Ossuary)
  13 hobgoblin zombies (Ossuary)
  23 jackals
  A jackal skeleton (D:5)
  2 jackal zombies (Ossuary)
  10 kobold zombies (Ossuary)
  2 orc zombies (Ossuary)
  4 quokkas
  2 quokka skeletons (D:8)
  A quokka zombie (D:6)
  16 rats
  A spectral orc (D:6)
  2 fire vortices (Vaults:2)
  15 fungi
  10 plants
1900 creatures vanquished.

Vanquished Creatures (collateral kills)
  A yaktaur (Vaults:3)
  A wolf (IceCv)
  An electric eel (Lair:8)
3 creatures vanquished.

Vanquished Creatures (others)
  A yaktaur captain (Vaults:1)
  2 spriggan druids (Swamp:4)
  A swamp dragon (Swamp:4)
  A black mamba (Snake:4)
  A yaktaur (Vaults:1)
  A shadow (Swamp:1)
  A yak (IceCv)
  2 nagas
  2 humans (D:15)
  A swamp worm (Swamp:2)
  2 wasps
  A boggart (Vaults:3)
  A giant frog (D:7)
  A sheep (D:15)
  A fire vortex (Vaults:2)
  17 fungi
  13 plants
49 creatures vanquished.

Grand Total: 1952 creatures vanquished

Notes
Turn   | Place    | Note
--------------------------------------------------------------
     0 | D:1      | Miyamura the Formicid Fighter began the quest for the Orb.
     0 | D:1      | Reached XP level 1. HP: 18/18 MP: 1/1
    74 | D:1      | Reached XP level 2. HP: 24/24 MP: 2/2
   513 | D:1      | Reached XP level 3. HP: 26/29 MP: 3/3
   617 | D:1      | Reached skill level 1 in Dodging
   906 | D:2      | Reached skill level 4 in Shields
  1074 | D:2      | Found a sparkling altar of Nemelex Xobeh.
  1424 | D:3      | Reached XP level 4. HP: 16/37 MP: 4/4
  1808 | D:3      | Reached XP level 5. HP: 26/42 MP: 5/5
  2182 | D:3      | Noticed Robin
  2208 | D:3      | Killed Robin
  2663 | D:4      | Noticed a phantom
  2987 | D:4      | Reached XP level 6. HP: 48/48 MP: 6/6
  3135 | D:4      | Killed a phantom
  3135 | D:4      | Reached skill level 5 in Shields
  3707 | D:4      | Reached XP level 7. HP: 55/55 MP: 7/7
  4009 | D:5      | Entered Level 5 of the Dungeon
  4366 | D:5      | Reached skill level 5 in Armour
  4396 | D:5      | Got a smoking ring mail
  4407 | D:5      | Identified the cursed +1 ring mail of the Hanged Man {-Cast MR+ Regen+ SInv} (You took it off an orc on level 5 of the Dungeon)
  4459 | D:5      | Found a sand-covered staircase.
  4468 | D:5      | Reached skill level 5 in Fighting
  4468 | D:5      | Reached XP level 8. HP: 56/62 MP: 8/8
  4474 | Ossuary  | Entered an ossuary
  4616 | Ossuary  | Reached skill level 6 in Shields
  4757 | Ossuary  | Reached skill level 1 in Evocations
  4971 | D:5      | Found a shimmering altar of Xom.
  5074 | D:5      | Found a shadowy altar of Dithmenos.
  5320 | D:6      | Reached skill level 5 in Axes
  5361 | D:6      | Reached XP level 9. HP: 61/69 MP: 10/10
  5473 | D:6      | Found a basalt altar of Yredelemnul.
  5593 | D:6      | Noticed Eustachio
  5741 | D:6      | Killed Eustachio
  5741 | D:6      | Reached skill level 7 in Shields
  6105 | D:7      | Found a deep blue altar of Sif Muna.
  6266 | D:6      | Reached skill level 5 in Dodging
  6395 | D:7      | Noticed a gargoyle
  6418 | D:7      | Killed a gargoyle
  6418 | D:7      | Reached skill level 8 in Shields
  6418 | D:7      | Reached XP level 10. HP: 38/79 MP: 13/13
  6659 | D:7      | Found a staircase to the Ecumenical Temple.
  6668 | Temple   | Entered the Ecumenical Temple
  6859 | Temple   | Became a worshipper of Cheibriados the Contemplative
  7337 | D:8      | Learned a level 1 spell: Sandblast
  7372 | D:8      | Found an opulent altar of Gozag.
  7534 | D:8      | Reached skill level 1 in Invocations
  7555 | D:8      | Noticed Prince Ribbit
  7639 | D:8      | Killed Prince Ribbit
  7658 | D:8      | Got a transparent hunting sling {velocity}
  7673 | D:8      | Identified the cursed +1 hunting sling of Triumph {velocity, rElec rC- Int+6} (You took it off a kobold on level 8 of the Dungeon)
  7694 | D:8      | Found a deep blue altar of Sif Muna.
  7738 | D:8      | Noticed comborobin's ghost (novice CeCj)
  7785 | D:8      | Reached * piety under Cheibriados
  7799 | D:8      | HP: 3/79 [comborobin's ghost/spray of energy (17)]
  7800 | D:8      | You fall through a shaft for 2 floors!
  7800 | D:10     | Entered Level 10 of the Dungeon
  7800 | D:10     | Noticed an unseen horror
  7831 | D:10     | Killed an unseen horror
  8153 | D:9      | Reached skill level 9 in Shields
  8196 | D:9      | You fall through a shaft for 3 floors!
  8435 | D:9      | Reached ** piety under Cheibriados
  8549 | D:9      | Reached XP level 11. HP: 86/86 MP: 14/14
  8590 | D:9      | Gained mutation: You are partially covered in slimy green scales (AC +2). [potion of mutation]
  8691 | D:8      | Killed comborobin's ghost
  8943 | D:8      | Reached *** piety under Cheibriados
  9007 | D:8      | Found a glowing silver altar of Zin.
  9284 | D:9      | You fall through a shaft for 3 floors!
  9284 | D:12     | Noticed Josephine
  9332 | D:12     | Reached skill level 5 in Invocations
  9476 | D:11     | Noticed a gargoyle
  9487 | D:11     | Killed a gargoyle
  9487 | D:11     | Reached **** piety under Cheibriados
  9493 | D:11     | Noticed a brown ugly thing
  9508 | D:11     | Killed a brown ugly thing
  9508 | D:11     | Reached skill level 10 in Shields
  9624 | D:11     | Got a shimmering war axe
  9625 | D:11     | Identified the +7 war axe of Fesiv {flame, Dex+3} (You found it on level 11 of the Dungeon)
  9688 | D:11     | Noticed Maud
  9701 | D:11     | Noticed a hill giant
  9704 | D:11     | Noticed a cyan ugly thing
  9708 | D:11     | Killed a hill giant
  9713 | D:11     | You fall through a shaft for 3 floors!
  9713 | D:14     | Noticed a hill giant
  9721 | D:14     | Killed a hill giant
  9725 | D:14     | Got a heavily runed ring mail
  9748 | D:14     | Identified the +2 ring mail "Jonumud" {-Cast rElec Dex+3} (You found it on level 14 of the Dungeon)
  9846 | D:13     | Noticed a brown ugly thing
  9857 | D:13     | Killed a brown ugly thing
  9901 | D:12     | Noticed a hill giant
  9906 | D:12     | Killed a hill giant
 10024 | D:12     | Reached XP level 12. HP: 96/96 MP: 15/17
 10074 | D:12     | Noticed a red ugly thing
 10078 | D:12     | Noticed a gargoyle
 10084 | D:12     | Killed a red ugly thing
 10084 | D:12     | Reached ***** piety under Cheibriados
 10098 | D:12     | Killed a gargoyle
 10146 | D:12     | Noticed Nessos
 10148 | D:12     | Noticed Nessos
 10148 | D:12     | Nessos changed into Nessos the torpor snail
 10158 | D:12     | Killed Nessos the torpor snail
 10190 | D:12     | Killed Josephine
 10307 | D:12     | Noticed Psyche
 10335 | D:12     | Killed Psyche
 10335 | D:12     | Reached skill level 11 in Shields
 10543 | D:10     | Reached skill level 10 in Fighting
 10892 | D:10     | Noticed a hill giant
 10902 | D:10     | Killed a hill giant
 11521 | D:9      | Reached ****** piety under Cheibriados
 11585 | D:9      | Found a staircase to the Orcish Mines.
 11660 | D:9      | Noticed Erica
 11668 | D:9      | Killed Erica
 11708 | D:9      | Found a staircase to the Lair.
 12071 | D:7      | Identified Sif Muna's Reference Book on Shape Shifting
 12133 | Lair:1   | Entered Level 1 of the Lair of Beasts
 12150 | Lair:1   | Found a frozen archway.
 12231 | IceCv    | Entered an ice cave
 12235 | IceCv    | Reached XP level 13. HP: 104/104 MP: 19/19
 12872 | IceCv    | Reached skill level 12 in Shields
 12937 | IceCv    | Noticed a frost giant
 12946 | IceCv    | Killed a frost giant
 12946 | IceCv    | Reached skill level 10 in Axes
 13021 | IceCv    | Got a polished glaive
 13030 | IceCv    | Identified the cursed +3 glaive of the Lost Mice {freeze, rElec rPois rF- Dex-5} (You found it in an ice cave)
 14303 | Lair:2   | Reached skill level 10 in Invocations
 14695 | Lair:2   | Reached XP level 14. HP: 114/114 MP: 21/21
 14880 | Lair:3   | Noticed Gastronok
 14904 | Lair:3   | Killed Gastronok
 14904 | Lair:3   | Reached skill level 5 in Evocations
 15133 | Lair:3   | Found a shimmering altar of Xom.
 15214 | Lair:3   | Reached skill level 13 in Shields
 15898 | Lair:4   | Reached skill level 10 in Dodging
 16453 | Lair:5   | Identified a scroll of acquirement
 16454 | Lair:5   | Got a jewelled chain mail
 16465 | Lair:5   | Identified the +1 chain mail "Dealiq" {rElec} (You acquired it on level 5 of the Lair of Beasts)
 16532 | Lair:5   | Found a staircase to the Snake Pit.
 16785 | Lair:5   | Found a bloodstained altar of Trog.
 16991 | Lair:5   | Found a staircase to the Swamp.
 17604 | Lair:6   | Reached XP level 15. HP: 109/122 MP: 22/22
 17687 | Lair:6   | Found a staircase to the Slime Pits.
 18589 | Lair:7   | Reached skill level 14 in Shields
 18716 | Lair:8   | Entered Level 8 of the Lair of Beasts
 19469 | Lair:8   | Got a twisted fire dragon armour
 19480 | Lair:8   | Identified the +6 fire dragon armour of Rucitroc {rF++ rC- Int+4} (You found it on level 8 of the Lair of Beasts)
 19858 | Orc:1    | Entered Level 1 of the Orcish Mines
 20492 | Orc:2    | Noticed Rupert
 20515 | Orc:2    | Killed Rupert
 20515 | Orc:2    | Reached XP level 16. HP: 129/132 MP: 23/23
 20993 | Orc:3    | Found a staircase to the Elven Halls.
 21563 | Orc:4    | Entered Level 4 of the Orcish Mines
 21832 | Orc:4    | Found a roughly hewn altar of Beogh.
 21936 | Orc:4    | Found Affyatrooti's Weapon Emporium.
 21957 | Orc:4    | Found Yleolo's Food Shoppe.
 22646 | Orc:4    | Found Zomitz's Antique Weapon Boutique.
 22653 | Orc:4    | Reached skill level 15 in Shields
 22671 | Orc:4    | Bought an ichor-stained dagger for 231 gold pieces
 22672 | Orc:4    | Identified the +2 dagger of Checks and Balances {pierce, rF+ rC+ Str+3 SInv} (You bought it in a shop on level 4 of the Orcish Mines)
 22697 | Orc:4    | Found a roughly hewn altar of Beogh.
 22734 | Orc:4    | Found Ugetod's Book Shoppe.
 23153 | Orc:4    | Bought a glowing glaive for 214 gold pieces
 23153 | Orc:4    | Bought a polished shortbow for 264 gold pieces
 23155 | Orc:4    | Identified the cursed +1 shortbow of Piqa {velocity, *Confuse Str+8 Int+4 Dex-5} (You bought it in a shop on level 4 of the Orcish Mines)
 23587 | Snake:1  | Entered Level 1 of the Snake Pit
 23709 | Snake:1  | Reached skill level 1 in Polearms
 25272 | Snake:2  | Found a sparkling altar of Nemelex Xobeh.
 25411 | Snake:2  | Reached XP level 17. HP: 138/140 MP: 24/24
 25826 | Snake:2  | Reached skill level 5 in Polearms
 26412 | Snake:3  | Noticed WereVolvo's ghost (adept TrCK)
 26471 | Snake:3  | Killed WereVolvo's ghost
 27845 | Snake:4  | Entered Level 4 of the Snake Pit
 28003 | Snake:4  | Reached skill level 10 in Polearms
 28647 | Snake:4  | Got a dazzling ring mail
 28658 | Snake:4  | Identified the +0 ring mail of the Blessed Realm {-Cast Slay+5} (You acquired it on level 4 of the Snake Pit)
 29068 | Snake:4  | Reached XP level 18. HP: 95/147 MP: 25/25
 31259 | Snake:4  | Got a serpentine rune of Zot
 31373 | Snake:4  | Reached skill level 15 in Polearms
 31602 | Swamp:1  | Entered Level 1 of the Swamp
 31795 | Swamp:1  | Reached XP level 19. HP: 153/153 MP: 26/26
 32575 | Swamp:2  | Reached skill level 16 in Polearms
 33726 | Swamp:3  | Reached skill level 1 in Spellcasting
 33833 | Swamp:3  | Reached skill level 1 in Earth Magic
 34116 | Swamp:4  | Entered Level 4 of the Swamp
 34629 | Swamp:4  | Got a decaying rune of Zot
 35435 | Lair:1   | Learned a level 5 spell: Lee's Rapid Deconstruction
 35520 | D:10     | Noticed Azrael
 35525 | D:10     | Killed Azrael
 35768 | D:11     | Killed Maud
 35905 | D:11     | Killed a cyan ugly thing
 36046 | D:13     | Noticed a manticore
 36056 | D:13     | Killed a manticore
 36403 | D:13     | Noticed Maurice
 36410 | D:13     | Killed Maurice
 36425 | D:13     | Noticed a brown ugly thing
 36432 | D:13     | Killed a brown ugly thing
 36458 | D:13     | Noticed Urug
 36469 | D:13     | Killed Urug
 36469 | D:13     | Reached XP level 20. HP: 148/161 MP: 27/27
 36502 | D:13     | Reached skill level 15 in Fighting
 36539 | D:13     | Noticed a cyclops
 36545 | D:13     | Noticed an orc knight
 36547 | D:13     | Killed a cyclops
 36554 | D:13     | Killed an orc knight
 36716 | D:14     | Reached skill level 5 in Earth Magic
 36756 | D:14     | Noticed a centaur warrior
 36768 | D:14     | Killed a centaur warrior
 36891 | D:14     | Noticed a vault guard
 36891 | D:14     | Noticed a vault guard
 36892 | D:14     | Noticed a vault guard
 36892 | D:14     | Found a gate to the Vaults.
 36892 | D:14     | Noticed a vault guard
 36892 | D:14     | Noticed a vault guard
 36893 | D:14     | Noticed a vault guard
 36893 | D:14     | Noticed a vault guard
 36893 | D:14     | Noticed a tengu warrior
 36898 | D:14     | Noticed a vault guard
 36900 | D:14     | Killed a vault guard
 36909 | D:14     | Killed a vault guard
 36913 | D:14     | Killed a vault guard
 36919 | D:14     | Killed a vault guard
 36933 | D:14     | Killed a vault guard
 36937 | D:14     | Killed a vault guard
 36948 | D:14     | Killed a vault guard
 36958 | D:14     | Killed a tengu warrior
 36967 | D:14     | Killed a vault guard
 37102 | D:14     | Noticed a manticore
 37109 | D:14     | Killed a manticore
 37155 | D:14     | Noticed a hill giant
 37162 | D:14     | Killed a hill giant
 37300 | D:14     | Found a shadowy altar of Dithmenos.
 37347 | D:15     | Entered Level 15 of the Dungeon
 37395 | D:15     | Noticed Roxanne
 37438 | D:15     | Reached skill level 5 in Spellcasting
 37483 | D:15     | Found a staircase to the Depths.
 37704 | D:15     | Noticed Kirke
 37713 | D:15     | Killed Kirke
 37907 | D:15     | Killed Roxanne
 38565 | Lair:1   | Learned a level 9 spell: Shatter
 38766 | Vaults:1 | Entered Level 1 of the Vaults
 39347 | Vaults:1 | Learned a level 3 spell: Passwall
 39744 | Vaults:1 | Reached XP level 21. HP: 170/170 MP: 30/30
 39825 | Vaults:1 | Reached skill level 10 in Armour
 40147 | Vaults:1 | Reached skill level 17 in Shields
 40792 | Vaults:2 | Got a warped plate armour
 40803 | Vaults:2 | Identified the +2 plate armour of Jaoly {rC+} (You found it on level 2 of the Vaults)
 41994 | Vaults:2 | Found a staircase to the Crypt.
 42177 | Vaults:3 | Found Omugun's Armour Shoppe.
 42233 | Vaults:3 | Reached skill level 10 in Earth Magic
 42251 | Vaults:3 | Noticed Sojobo
 42251 | Vaults:3 | Noticed Asterion
 42268 | Vaults:3 | Noticed Mennas
 42279 | Vaults:3 | Mangled by Mennas

Action                   |  1- 3 |  4- 6 |  7- 9 | 10-12 | 13-15 | 16-18 | 19-21 || total
-------------------------+-------+-------+-------+-------+-------+-------+-------++-------
Melee: War axe           |   129 |   203 |   436 |   692 |   977 |   430 |  1507 ||  4374
       Unarmed           |       |     2 |       |       |       |       |       ||     2
       Glaive            |       |       |       |       |       |   972 |   278 ||  1250
Invok: Bend Time         |       |       |       |       |     1 |       |       ||     1
       Slouch            |       |       |       |       |       |    12 |     4 ||    16
       Step From Time    |       |       |       |       |       |     1 |       ||     1
 Abil: Shaft Self        |       |       |       |     4 |       |       |       ||     4
       Dig               |       |       |       |     5 |     2 |     4 |     1 ||    12
       Evoke Flight      |       |       |       |       |       |       |     1 ||     1
Evoke: Wand              |       |     8 |       |    25 |    16 |     1 |     3 ||    53
       Fan of gales      |       |       |       |       |       |       |     1 ||     1
  Use: Scroll            |     2 |     6 |     6 |    15 |    15 |     6 |    12 ||    62
       Potion            |       |     1 |    12 |    14 |     5 |    12 |     3 ||    47
 Stab: Confused          |       |       |       |     5 |       |       |       ||     5
       Sleeping          |       |       |       |     4 |     8 |    11 |       ||    23
       Invisible         |       |       |       |     5 |       |     3 |       ||     8
       Distracted        |       |       |       |     1 |     3 |       |     1 ||     5
       Petrifying        |       |       |       |       |     1 |       |       ||     1
  Eat: Chunk             |     2 |     8 |     9 |    15 |    19 |    11 |    14 ||    78
       Pizza             |       |       |       |       |       |     2 |       ||     2
       Meat ration       |       |       |       |       |       |     2 |     1 ||     3
       Royal jelly       |       |       |       |       |       |       |     1 ||     1
